 Dungeon Crawl Stone Soup version 0.13-a0-2739-gace2dc1 (webtiles) character file.

20034 4tharraofdagon the Cleaver (level 12, 0/103 HPs)
             Began as a Djinni Berserker on Aug 21, 2013.
             Was an Elder of Trog.
             Shot with an arrow of frost by it (25 damage)
             ... on Level 1 of the Elven Halls.
             The game lasted 00:55:52 (6624 turns).

4tharraofdagon the Cleaver (Djinni Berserker)       Turns: 6624, Time: 00:55:52

HP   0/103       AC 18     Str 23      XL: 12   Next: 35%
MP   0/0         EV  6     Int  8      God: Trog [****..]
Gold 671         SH  0     Dex 12      Spells:  0 memorised, 11 levels left

Res.Fire  : + + +   See Invis. : .   b - +2,+6 battleaxe (chop)
Res.Cold  : x . .   Warding    : .   L - +2 orc plate armour
Life Prot.: + + +   Conserve   : .   (no shield)
Res.Poison: +       Res.Corr.  : +   (no helmet)
Res.Elec. : .       Clarity    : .   P - +0 cloak
Sust.Abil.: . .     Spirit.Shd : .   (no gloves)
Res.Mut.  : .       Stasis     : .   (boots unavailable)
Res.Rott. : .       Flight     : .   C - amulet of resist corrosion
Saprovore : . . .                    (no ring)
                                     t - ring of poison resistance

@: regenerating, very slightly contaminated, very resistant to hostile
enchantments, extremely unstealthy
A: fire immunity, cold vulnerability, life protection 3
a: Burn Spellbooks, Berserk, Trog's Hand, Brothers in Arms, Renounce Religion


You were on level 1 of the Elven Halls.
You worshipped Trog.
Trog was extremely pleased with you.
You were not hungry.

You visited 3 branches of the dungeon, and saw 16 of its levels.
You also visited: Wizlab.

You collected 1464 gold pieces.
You spent 813 gold pieces at shops.

Inventory:

Hand weapons
 a - a +0,+0 hand axe {=f}
 b - a +2,+6 battleaxe of chopping (weapon)
 d - a +0 elven blowgun
 n - a +2 blowgun
 A - a +0,+0 dagger of distortion
 D - a +0,+4 crossbow of flame
 G - a +0,+3 orcish vampiric war axe
 I - a -1,+0 orcish hand axe
 J - a +0,+1 orcish hand axe
 K - a +0,+2 orcish war axe
 R - a +0,+2 anti-magic hand axe
 S - the +3,+6 spear of a wizard's laboratory {venom, +Blink +Rage +Inv rC+ Str+2 Dex+4, unknown}
   (You found it on level 1 of the Elven Halls)

   It poisons the flesh of those it strikes.
   It affects your strength (+2).
   It affects your dexterity (+4).
   It protects you from cold.
   It lets you turn invisible.
   It lets you blink.
   It lets you go berserk.
Missiles
 i - 12 curare-tipped needles
 x - 3 javelins (quivered)
Armour
 L - a +2 orcish plate armour (worn)
 P - a +0 cloak (worn)
Magical devices
 k - a wand of frost (7)
 E - a wand of enslavement (18) {unknown}
 F - a wand of fire (6)
 H - a wand of paralysis (7) {unknown}
 M - a wand of disintegration (7)
Scrolls
 e - a scroll of enchant weapon II
 h - 2 scrolls of enchant weapon I
 j - 2 scrolls of amnesia
 p - a scroll of random uselessness {unknown}
 s - a scroll of noise {unknown}
 y - a scroll of fog
 z - a scroll of teleportation
 B - 2 scrolls of identify
Jewellery
 c - an uncursed amulet of the gourmand
 q - an uncursed amulet of stasis
 t - a ring of poison resistance (left hand)
 u - an uncursed ring of ice
 v - an uncursed ring of see invisible
 C - an amulet of resist corrosion (around neck)
 N - an uncursed ring of sustenance
 Q - the ring of Midwinter {MR++ MP+9 Dam+3}
   (You bought it in a shop on level 10 of the Dungeon)

   [ring of magical power]

   It affects your damage-dealing abilities (+3).
   It affects your resistance to hostile enchantments.
Potions
 f - a potion of confusion
 g - 4 potions of curing {unknown}
 l - a potion of berserk rage
 m - a potion of invisibility
 o - a potion of agility
 r - 2 potions of brilliance
 w - a potion of resistance
Books
 O - a book of Flames

   Spells                             Type                      Level
   Flame Tongue                       Conjuration/Fire             1
   Throw Flame                        Conjuration/Fire             2
   Conjure Flame                      Conjuration/Fire             3
   Inner Flame                        Hexes/Fire                   3
   Sticky Flame                       Conjuration/Fire             4
   Fireball                           Conjuration/Fire             5
   Trog disapproves of the use of such an item.


   Skills:
 + Level 9.8 Fighting
 * Level 13.1 Axes
 + Level 10.7 Armour
 - Level 1.7 Dodging
 - Level 5.8 Evocations


You had 11 spell levels left.
You didn't know any spells.

Dungeon Overview and Level Annotations

Branches:
Dungeon (11/27)            Temple (0/1) D:6             Orc (4/4) D:8
    Elf (1/3) Orc:4
   Lair: D:8-13

Altars:
Ashenzari
Fedhas
Sif Muna
Zin
Beogh

Shops:
D:10: = Orc:2: * Orc:4: [(?(

Portals:
Trove: D:10 (show horn of Geryon)

Annotations
D:4 Grinder
D:10 exclusion: downstairs
Orc:4 Saint Roka


Innate Abilities, Weirdness & Mutations

You are immune to all types of fire, even holy and hellish.
You are vulnerable to cold.
You need no food.
You have no legs.
You are immune to negative energy.


Message History

The deep elf priest unwields an uncursed elven short sword.
The deep elf priest drops an uncursed elven short sword.
The deep elf priest picks up an elven scimitar.
The deep elf priest wields an elven scimitar.
Unknown command.
Unknown command.
You slash the deep elf priest!
The deep elf priest is severely wounded.
The deep elf priest hits you with an elven scimitar.
* * * LOW HITPOINT WARNING * * *
Unknown command.
Unknown command.
You slice the deep elf priest!!
You kill the deep elf priest!
Trog accepts your kill.
The deep elf mage gestures at you while chanting.
You resist.
You hear a loud twanging sound.
The arrow of frost hits you!
You feel a terrible chill!
You die...

..# .....# .
......# #......#
#......# ## #.#
#......# .. ..#
#......# {.# ..#
#......##..#
#......@)e.#
#......##e.# #+##
#....>.# ## ...##
#......# ....#
#..))..# ....#
#...)..#
....######......#
....'...##.....##
...####..'....##


You could see a deep elf priest and a deep elf mage.

Vanquished Creatures
  Fannar (D:11)
  Josephine (Orc:2)
  A deep elf knight (Elf:1)
  A human (WizLab)
  Joseph (D:8)
  2 deep elf conjurers (Elf:1)
  3 orc sorcerers
  2 orc knights (Orc:1)
  Psyche (D:11)
  3 deep elf priests (Elf:1)
  A feature mimic (Elf:1)
  A two-headed ogre (Orc:2)
  3 deep elf magi (Elf:1)
  9 yaks (D:11)
  3 hungry ghosts
  10 deep elf fighters (Elf:1)
  A wyvern (D:9)
  26 orc warriors
  2 ice beasts
  A sky beast (D:10)
  5 ogres
  4 wargs
  Duvessa (Orc:1)
  2 centaurs
  2 water moccasins
  4 giant frogs
  5 wights (D:6)
  A troll zombie (Orc:2)
  3 jellies
  Dowan (Orc:1)
  2 crimson imps
  2 quasits (Elf:1)
  27 orc priests
  3 hounds
  2 iron imps (Elf:1)
  37 orc wizards
  An iguana (D:8)
  A black bear skeleton (D:7)
  3 centaur skeletons
  A warg zombie (Orc:2)
  3 scorpions
  6 worker ants
  An ogre zombie (D:9)
  A hound skeleton (D:6)
  6 adders
  3 gnolls (Orc:3)
  A giant centipede (D:11)
  2 lemures (Elf:1)
  A shadow imp (Elf:1)
  A white imp (Elf:1)
  An ufetubus (Elf:1)
  An adder skeleton (D:9)
  A scorpion zombie (D:5)
  4 giant geckos
  An ooze (D:3)
  191 orcs
  A bat skeleton (D:4)
  13 hobgoblins
  5 jackals
  2 quokkas
  9 bats
  4 giant cockroaches
  A giant gecko skeleton (D:4)
  4 giant newts
  15 goblins
  A goblin zombie (Orc:2)
  A hobgoblin zombie (D:6)
  9 kobolds
  An orc simulacrum (Orc:2)
  An orc skeleton (Orc:2)
  2 orc zombies
  10 rats
  A ballistomycete (D:6)
484 creatures vanquished.

Vanquished Creatures (collateral kills)
  Harold (Orc:2)
  An orc high priest (Orc:4)
  A hill giant (D:10)
  Maurice (D:10)
  Sonja (Orc:2)
  2 orc warriors (Orc:4)
  A warg (Orc:4)
  An orc wizard (Orc:4)
  2 orcs (Orc:4)
11 creatures vanquished.

Vanquished Creatures (others)
  An ogre (Orc:4)
  An orc wizard (Orc:4)
  2 orcs (Orc:2)
  A giant spore (D:6)
  A bush (D:5)
6 creatures vanquished.

Grand Total: 501 creatures vanquished

Notes
Turn   | Place    | Note
--------------------------------------------------------------
     0 | D:1      | 4tharraofdagon, the Djinni Berserker, began the quest for the Orb.
     0 | D:1      | Reached XP level 1. HP: 16/16 MP: 0/0
   168 | D:3      | Reached skill level 3 in Axes
   172 | D:3      | Reached XP level 2. EP: 22/22
   253 | D:2      | Acquired Trog's second power
   403 | D:3      | Reached XP level 3. EP: 23/29
   622 | D:4      | Reached XP level 4. EP: 31/35
   795 | D:4      | Reached skill level 4 in Axes
   797 | D:4      | Reached XP level 5. EP: 41/41
   852 | D:5      | Entered Level 5 of the Dungeon
   874 | D:4      | Noticed Grinder
   876 | D:4      | Paralysed by Grinder for 6 turns
   937 | D:5      | Noticed an ogre
   946 | D:5      | Killed an ogre
  1057 | D:5      | Reached XP level 6. EP: 47/48
  1142 | D:5      | Found a blossoming altar of Fedhas.
  1142 | D:5      | Noticed a centaur
  1143 | D:5      | Found a glowing silver altar of Zin.
  1245 | D:5      | Reached skill level 5 in Axes
  1271 | D:5      | Noticed a hungry ghost
  1305 | D:5      | Killed a hungry ghost
  1305 | D:5      | Reached XP level 7. EP: 50/54
  1514 | D:6      | Reached skill level 6 in Axes
  1812 | D:6      | Found a staircase to the Ecumenical Temple.
  1874 | D:6      | Reached skill level 5 in Fighting
  1874 | D:6      | Reached skill level 5 in Armour
  1952 | D:7      | Reached XP level 8. EP: 62/62
  2060 | D:8      | Found a shattered altar of Ashenzari.
  2100 | D:7      | Reached skill level 7 in Axes
  2140 | D:8      | Found a deep blue altar of Sif Muna.
  2145 | D:8      | Noticed Joseph
  2179 | D:8      | Killed Joseph
  2315 | D:9      | Noticed Maurice
  2334 | D:10     | Entered Level 10 of the Dungeon
  2367 | D:10     | Reached skill level 8 in Axes
  2409 | D:10     | Reached XP level 9. EP: 20/69
  2425 | D:9      | Identified a scroll of acquirement
  2744 | D:11     | Reached skill level 9 in Axes
  2817 | D:11     | Noticed Psyche
  2838 | D:11     | Killed Psyche
  2931 | D:11     | Reached XP level 10. EP: 50/78
  2944 | D:11     | Reached skill level 10 in Axes
  2983 | D:11     | Noticed Fannar
  2995 | D:11     | Killed Fannar
  3083 | D:11     | Noticed an eight-headed hydra
  3222 | D:10     | Found Klob's Jewellery Shop.
  3225 | D:10     | Found a portal to a secret trove of treasure.
  3281 | D:10     | Acquired Trog's third power
  3376 | D:10     | Noticed a hill giant
  3534 | D:8      | Reached skill level 1 in Evocations
  3647 | D:8      | Found a staircase to the Orcish Mines.
  3666 | Orc:1    | Entered Level 1 of the Orcish Mines
  3668 | Orc:1    | Noticed Duvessa
  3672 | Orc:1    | Noticed Dowan
  3677 | Orc:1    | Killed Duvessa
  3682 | Orc:1    | Killed Dowan
  3825 | Orc:2    | Found Gixex's Assorted Antiques.
  3825 | Orc:2    | Noticed an orc knight
  3825 | Orc:2    | Noticed an orc knight
  3836 | Orc:1    | Killed an orc knight
  3855 | Orc:1    | Killed an orc knight
  3855 | Orc:1    | Reached skill level 11 in Axes
  3929 | Orc:2    | Bought a slimy inky potion for 16 gold pieces
  3929 | Orc:2    | Bought a murky black potion for 16 gold pieces
  3929 | Orc:2    | Bought a scroll of identify for 36 gold pieces
  3929 | Orc:2    | Bought a scroll of identify for 36 gold pieces
  3990 | Orc:3    | Reached XP level 11. EP: 81/92
  4244 | Orc:2    | Noticed Harold
  4245 | Orc:2    | Noticed Sonja
  4248 | Orc:2    | Noticed Josephine
  4261 | Orc:2    | Killed Josephine
  4316 | Orc:2    | Killed Sonja
  4339 | Orc:2    | Killed Harold
  4555 | Orc:1    | Received a gift from Trog
  4624 | Orc:4    | Entered Level 4 of the Orcish Mines
  4830 | D:10     | Killed a hill giant
  4830 | D:10     | Reached skill level 5 in Evocations
  4855 | D:10     | Killed Maurice
  4874 | D:10     | Bought an uncursed amulet of stasis for 192 gold pieces
  4874 | D:10     | Bought the ring of Midwinter {MR++ MP+9 Dam+3} for 427 gold pieces
  5058 | Orc:3    | Found a roughly hewn altar of Beogh.
  5199 | Orc:2    | Received a gift from Trog
  5257 | Orc:3    | Noticed an orc sorcerer
  5381 | Orc:3    | Killed an orc sorcerer
  5381 | Orc:3    | Reached skill level 12 in Axes
  5483 | Orc:4    | Found a roughly hewn altar of Beogh.
  5563 | Orc:4    | Found a roughly hewn altar of Beogh.
  5563 | Orc:4    | Found Blakhlutu's Antique Weapon Shop.
  5577 | Orc:4    | Reached skill level 10 in Armour
  5626 | Orc:4    | Received a gift from Trog
  5711 | Orc:4    | Found Ixuddiha's Magic Scroll Emporium.
  5711 | Orc:4    | Found a roughly hewn altar of Beogh.
  5755 | Orc:4    | Bought a scroll of identify for 30 gold pieces
  5755 | Orc:4    | Bought a scroll of identify for 30 gold pieces
  5755 | Orc:4    | Bought a scroll of identify for 30 gold pieces
  5826 | Orc:4    | Found a staircase to the Elven Halls.
  5926 | Orc:4    | Found a roughly hewn altar of Beogh.
  5963 | Orc:4    | 4tharraofdagon: hi
  5993 | Orc:4    | Noticed Saint Roka
  5997 | Orc:4    | Noticed a sun demon
  6023 | Orc:4    | ReeallyStein: Heyoo
  6072 | Orc:4    | ReeallyStein: Good speedrunning bruh. balls to the wall
  6097 | Orc:4    | 4tharraofdagon: yea i try my best
  6105 | Orc:4    | Noticed an orc high priest
  6126 | Orc:4    | Killed an orc high priest
  6135 | Orc:4    | Reached XP level 12. EP: 30/102
  6227 | Orc:4    | Found a roughly hewn altar of Beogh.
  6228 | Orc:4    | Found Thyem's Antique Armour Boutique.
  6229 | Orc:4    | Found Frept's Antique Weapon Shop.
  6280 | Elf:1    | Entered Level 1 of the Elven Halls
  6391 | Elf:1    | Found a magical portal.
  6399 | Elf:1    | Got a transparent spear
  6412 | WizLab   | Entered a wizard's laboratory
  6413 | WizLab   | 4tharraofdagon: wucad
  6413 | WizLab   | ReeallyStein: statuebro? have not met
  6413 | WizLab   | 4tharraofdagon: ye
  6413 | WizLab   | 4tharraofdagon: i dont have clarity
  6597 | Elf:1    | Reached skill level 13 in Axes
  6624 | Elf:1    | Shot with an arrow of frost by it

Action                   |  1- 3 |  4- 6 |  7- 9 | 10-12 || total
-------------------------+-------+-------+-------+-------++-------
Melee: Hand axe          |   118 |   172 |   212 |       ||   502
       War axe           |       |       |    10 |       ||    10
       Battleaxe         |       |       |    87 |   588 ||   675
Invok: Berserk           |     2 |     6 |     9 |     9 ||    26
       Trog's Hand       |       |     5 |    16 |    41 ||    62
       Brothers in Arms  |       |       |       |     4 ||     4
Evoke: Wand              |       |       |     4 |     1 ||     5
  Use: Scroll            |       |       |    15 |     9 ||    24
       Potion            |       |       |     2 |     2 ||     4
 Stab: Sleeping          |     1 |       |       |       ||     1
